IL
COLORADO SPRINGS SKY SOX @ ALBUQUERQUE ISOTOPES
09/21/2048
 
TOP OF THE 1ST
Colorado Springs Sky Sox batting - Pitching for Albuquerque Isotopes : RHP Paulo Guincho
Pitching: RHP Paulo Guincho
Batting: LHB Steve Gilliam 0-0: Called Strike
0-1: Ball
1-1: Foul Ball, location: 2F
1-2: Fly out, F8 (Line Drive, 8RD, EV 90.0 MPH)
Batting: LHB Greg Valenzuela 0-0: Called Strike
0-1: Foul Ball, location: 2F
0-2: Ball
1-2: Ball
2-2: Strikes out swinging, 2-3 out at first.
Batting: RHB Maurice Moore 0-0: Foul Ball, location: 2F
0-1: Fly out, F4 (Line Drive, 4, EV 73.8 MPH)
Top of the 1st over - 0 runs, 0 hits, 0 errors, 0 left on base; Colorado Springs 0 - Albuquerque 0
BOTTOM OF THE 1ST
Albuquerque Isotopes batting - Pitching for Colorado Springs Sky Sox : LHP Steve Ransom
Pitching: LHP Steve Ransom
Batting: RHB Logan Morgan 0-0: Ball
1-0: Fly out, F9 (Flyball, 9, EV 88.8 MPH)
Batting: LHB Chad Persaud 0-0: Ball
1-0: Ball
2-0: Ball
3-0: Called Strike
3-1: Foul Ball, location: 2F
3-2: Foul Ball, location: 2F
3-2: Strikes out swinging
Batting: RHB Herb McIntyre 0-0: Called Strike
0-1: Fly out, F9 (Flyball, 9LD, EV 100.6 MPH)
Bottom of the 1st over - 0 runs, 0 hits, 0 errors, 0 left on base; Colorado Springs 0 - Albuquerque 0
TOP OF THE 2ND
Colorado Springs Sky Sox batting - Pitching for Albuquerque Isotopes : RHP Paulo Guincho
Batting: LHB Michael Krott 0-0: Called Strike
0-1: Swinging Strike
0-2: Ball
1-2: Strikes out looking
Batting: RHB Mike McElroy 0-0: Foul Ball, location: 2F
0-1: Called Strike
0-2: Ball
1-2: Foul Ball, location: 2F
1-2: Ground out U3 (Groundball, 34, EV 77.5 MPH)
Batting: RHB Eduardo Camacho 0-0: Foul Ball, location: 2F
0-1: Called Strike
0-2: Ground out 4-3 (Groundball, 4, EV 104.4 MPH)
Top of the 2nd over - 0 runs, 0 hits, 0 errors, 0 left on base; Colorado Springs 0 - Albuquerque 0
BOTTOM OF THE 2ND
Albuquerque Isotopes batting - Pitching for Colorado Springs Sky Sox : LHP Steve Ransom
Batting: RHB Eddie McCoy 0-0: Ball
1-0: Foul Ball, location: 2F
1-1: Called Strike
1-2: Ground out U3 (Groundball, 34S, EV 84.4 MPH)
Batting: LHB Gabe Harvey 0-0: Called Strike
0-1: Ground out 4-3 (Groundball, 4, EV 96.9 MPH)
Batting: RHB Vinny Estrada 0-0: Ball
1-0: Ball
2-0: Ball
3-0: Called Strike
3-1: SINGLE (Groundball, 6M, EV 101.2 MPH) (infield hit)
Batting: RHB Bobby Heagle 0-0: Ball
1-0: Ball
2-0: Ball
3-0: Base on Balls
Vinny Estrada to second
Batting: LHB Adam Hill 0-0: Ball
1-0: Ball
2-0: Swinging Strike
2-1: SINGLE (Groundball, 6, EV 95.0 MPH)
Vinny Estrada to third
Bobby Heagle to second
Runner from 3rd tries for Home, SAFE, throw by CF to home
Batting: SHB Mitchell Greene 0-0: Fly out, F6 (Line Drive, 6M, EV 76.9 MPH)
Bottom of the 2nd over - 1 run, 2 hits, 0 errors, 2 left on base; Colorado Springs 0 - Albuquerque 1
TOP OF THE 3RD
Colorado Springs Sky Sox batting - Pitching for Albuquerque Isotopes : RHP Paulo Guincho
Batting: RHB Doug D'Onofrio 0-0: Ball
1-0: Called Strike
1-1: Fly out, F8 (Flyball, 78D, EV 103.8 MPH)
Batting: SHB Jamie Mims 0-0: DOUBLE (Line Drive, 5D, EV 110.0 MPH)
Batting: RHB Juan Figueroa 0-0: Swinging Strike
0-1: Ground out 6-3 (Groundball, 6, EV 88.1 MPH)
Batting: LHB Steve Gilliam 0-0: Reached on error, E5 (Groundball, 56, EV 101.2 MPH)
Jamie Mims to third
Batting: LHB Greg Valenzuela 0-0: Ball
1-0: Called Strike
1-1: Foul Ball, location: 2F
1-2: Reached on error, E6 (Groundball, 6, EV 103.1 MPH)
Jamie Mims scores
Steve Gilliam to second
Batting: RHB Maurice Moore 0-0: SINGLE (Groundball, 34S, EV 67.5 MPH) (infield hit)
Steve Gilliam to third
Greg Valenzuela to second
Batting: LHB Michael Krott 0-0: Ball
1-0: Called Strike
1-1: Ball
2-1: Called Strike
2-2: Ball
3-2: Base on Balls
Steve Gilliam scores
Greg Valenzuela to third
Maurice Moore to second
Batting: RHB Mike McElroy 0-0: Ball
1-0: Called Strike
1-1: Foul Ball, location: 2F
1-2: Fielders Choice at 2nd, 6-4 (Groundball, 6, EV 107.5 MPH)
Top of the 3rd over - 2 runs, 2 hits, 2 errors, 3 left on base; Colorado Springs 2 - Albuquerque 1
BOTTOM OF THE 3RD
Albuquerque Isotopes batting - Pitching for Colorado Springs Sky Sox : LHP Steve Ransom
Batting: RHB Logan Morgan 0-0: Called Strike
0-1: Foul Ball, location: 2F
0-2: Foul Ball, location: 2F
0-2: SINGLE (Groundball, 6MS, EV 70.6 MPH) (infield hit)
Batting: LHB Chad Persaud 0-0: Ball
1-0: Swinging Strike
1-1: Ball
2-1: Ball
3-1: Grounds into double play, 4-6-3 (Groundball, 4, EV 80.6 MPH)
Batting: RHB Herb McIntyre 0-0: Ball
1-0: SINGLE (Groundball, 5D, EV 101.9 MPH)
Batting: RHB Eddie McCoy 0-0: Ball
1-0: Ball
2-0: Ball
3-0: Base on Balls
Herb McIntyre to second
Batting: LHB Gabe Harvey 0-0: Ball
Wild Pitch!
Herb McIntyre to third
Eddie McCoy to second
1-0: Called Strike
1-1: SINGLE (Flyball, 6MD, EV 91.2 MPH)
Herb McIntyre scores
Eddie McCoy to third
Batting: RHB Vinny Estrada 0-0: Ball
1-0: Called Strike
1-1: Foul Ball, location: 2F
1-2: Ball
2-2: Ball
3-2: Ground out 6-3 (Groundball, 6, EV 84.4 MPH)
Bottom of the 3rd over - 1 run, 3 hits, 0 errors, 2 left on base; Colorado Springs 2 - Albuquerque 2
TOP OF THE 4TH
Colorado Springs Sky Sox batting - Pitching for Albuquerque Isotopes : RHP Paulo Guincho
Batting: RHB Eduardo Camacho 0-0: Called Strike
0-1: Foul Ball, location: 2F
0-2: Ball
1-2: Foul Ball, location: 2F
1-2: Ball
2-2: Strikes out looking
Batting: RHB Doug D'Onofrio 0-0: Called Strike
0-1: Swinging Strike
0-2: Fly out, F8 (Flyball, 8RM, EV 86.2 MPH)
Batting: SHB Jamie Mims 0-0: Ball
1-0: Ball
2-0: Called Strike
2-1: Foul Ball, location: 2F
2-2: Foul Ball, location: 2F
2-2: Ball
3-2: Base on Balls
Batting: RHB Juan Figueroa 0-0: Ball
Jamie Mims is caught stealing 2nd base 2-4
Top of the 4th over - 0 runs, 0 hits, 0 errors, 0 left on base; Colorado Springs 2 - Albuquerque 2
BOTTOM OF THE 4TH
Albuquerque Isotopes batting - Pitching for Colorado Springs Sky Sox : LHP Steve Ransom
Batting: RHB Bobby Heagle 0-0: Ball
1-0: Called Strike
1-1: Called Strike
1-2: Ball
2-2: Ball
3-2: Foul Ball, location: 2F
3-2: Ground out 5-3 (Groundball, 56, EV 82.5 MPH)
Batting: LHB Adam Hill 0-0: Called Strike
0-1: Ball
1-1: Foul Ball, location: 2F
1-2: Ball
2-2: Ball
3-2: Fly out, F7 (Flyball, 78XD, EV 103.1 MPH)
Batting: SHB Mitchell Greene 0-0: Foul Ball, location: 2F
0-1: Ball
1-1: Foul Ball, location: 2F
1-2: Ball
2-2: Foul Ball, location: 2F
2-2: Fly out, F8 (Flyball, 8RM, EV 83.1 MPH)
Bottom of the 4th over - 0 runs, 0 hits, 0 errors, 0 left on base; Colorado Springs 2 - Albuquerque 2
TOP OF THE 5TH
Colorado Springs Sky Sox batting - Pitching for Albuquerque Isotopes : RHP Paulo Guincho
Batting: RHB Juan Figueroa 0-0: Ball
1-0: SINGLE (Groundball, 34, EV 89.4 MPH) (infield hit)
Batting: LHB Steve Gilliam 0-0: Foul Ball, location: 2F
0-1: Fielders Choice at 2nd, 4-6 (Groundball, 4, EV 82.5 MPH)
Batting: LHB Greg Valenzuela 0-0: Ball
1-0: Ball
2-0: Foul Ball, location: 2F
2-1: Foul Ball, location: 2F
2-2: Ball
3-2: SINGLE (Line Drive, 6D, EV 107.5 MPH)
Steve Gilliam to second
Runner from 2nd tries for 3rd, SAFE, throw by CF made to third
Batting: RHB Maurice Moore 0-0: Ball
Greg Valenzuela steals 2nd base
1-0: Fly out, F9 (Flyball, 9LMF, EV 105.0 MPH)
Runner from 3rd tags up, SCORES, no throw by RF
Greg Valenzuela to third
Batting: LHB Michael Krott 0-0: Ball
1-0: Ball
2-0: Ball
3-0: Called Strike
3-1: Base on Balls
Batting: RHB Mike McElroy 0-0: Ball
1-0: Ball
2-0: Ball
3-0: Foul Ball, location: 2F
3-1: Called Strike
3-2: Strikes out looking
Top of the 5th over - 1 run, 2 hits, 0 errors, 2 left on base; Colorado Springs 3 - Albuquerque 2
BOTTOM OF THE 5TH
Albuquerque Isotopes batting - Pitching for Colorado Springs Sky Sox : LHP Steve Ransom
Batting: RHB Logan Morgan 0-0: Ball
1-0: Ball
2-0: SINGLE (Groundball, 6MD, EV 102.5 MPH)
Batting: LHB Chad Persaud 0-0: Called Strike
Logan Morgan steals 2nd base (no throw)
0-1: Foul Ball, location: 2F
0-2: Foul Ball, location: 2F
0-2: Ground out 6-3 (Groundball, 56, EV 87.5 MPH)
Batting: RHB Herb McIntyre 0-0: Swinging Strike
0-1: Foul Ball, location: 2F
0-2: Ground out 5-3 (Groundball, 56, EV 79.4 MPH)
Batting: RHB Eddie McCoy 0-0: Called Strike
0-1: Swinging Strike
0-2: Ball
1-2: Ground out 5-3 (Groundball, 5L, EV 104.4 MPH)
Bottom of the 5th over - 0 runs, 1 hit, 0 errors, 1 left on base; Colorado Springs 3 - Albuquerque 2
TOP OF THE 6TH
Colorado Springs Sky Sox batting - Pitching for Albuquerque Isotopes : RHP Paulo Guincho
Batting: RHB Eduardo Camacho 0-0: Ball
1-0: Ball
2-0: Called Strike
2-1: Foul Ball, location: 2F
2-2: SINGLE (Groundball, 4MD, EV 80.0 MPH) (infield hit)
Batting: RHB Doug D'Onofrio 0-0: Ball
Eduardo Camacho steals 2nd base
1-0: SINGLE (Groundball, 56S, EV 68.8 MPH) (infield hit)
Eduardo Camacho to third
Batting: SHB Jamie Mims 0-0: Called Strike
0-1: Ball
1-1: Ball
2-1: Foul Ball, location: 2F
2-2: Ball
3-2: Grounds into double play, 4-6-3 (Groundball, 4, EV 102.5 MPH)
Eduardo Camacho scores
Batting: RHB Juan Figueroa 0-0: Ball
1-0: Ball
2-0: DOUBLE (Line Drive, 78D, EV 101.9 MPH)
Pitching: LHP Jim McCutcheon
Batting: LHB Steve Gilliam 0-0: Ball
1-0: Called Strike
1-1: Foul Ball, location: 2F
1-2: Strikes out swinging
Top of the 6th over - 1 run, 3 hits, 0 errors, 1 left on base; Colorado Springs 4 - Albuquerque 2
BOTTOM OF THE 6TH
Albuquerque Isotopes batting - Pitching for Colorado Springs Sky Sox : LHP Steve Ransom
Batting: LHB Gabe Harvey 0-0: Ball
1-0: Ball
2-0: Swinging Strike
2-1: SINGLE (Line Drive, 6MD, EV 97.5 MPH)
Batting: RHB Vinny Estrada 0-0: Swinging Strike
0-1: Ball
1-1: Swinging Strike
1-2: Strikes out swinging
Batting: RHB Bobby Heagle 0-0: Fly out, F8 (Line Drive, 8RM, EV 95.6 MPH)
Batting: LHB Adam Hill 0-0: Foul Ball, location: 2F
0-1: Ball
1-1: Swinging Strike
1-2: Ball
2-2: Foul Ball, location: 2F
2-2: Strikes out swinging
Bottom of the 6th over - 0 runs, 1 hit, 0 errors, 1 left on base; Colorado Springs 4 - Albuquerque 2
TOP OF THE 7TH
Colorado Springs Sky Sox batting - Pitching for Albuquerque Isotopes : LHP Jim McCutcheon
Batting: LHB Greg Valenzuela 0-0: Called Strike
0-1: Ball
1-1: Ball
2-1: Foul Ball, location: 2F
2-2: Ball
3-2: Foul Ball, location: 2F
3-2: Foul Ball, location: 2F
3-2: TRIPLE (Flyball, 78XD, EV 90.6 MPH)
Batting: RHB Maurice Moore 0-0: Ball
1-0: Ball
2-0: Ball
3-0: Called Strike
3-1: Called Strike
3-2: Strikes out swinging
Batting: LHB Michael Krott 0-0: Ball
1-0: SINGLE (Line Drive, 34D, EV 98.1 MPH)
Greg Valenzuela scores
Batting: RHB Mike McElroy 0-0: Foul Ball, location: 2F
0-1: Fly out, F7 (Flyball, 7, EV 88.8 MPH)
Batting: RHB Eduardo Camacho 0-0: Called Strike
0-1: Foul Ball, location: 2F
0-2: Ball
1-2: Ball
2-2: Ground out 4-3 (Groundball, 4, EV 80.0 MPH)
Top of the 7th over - 1 run, 2 hits, 0 errors, 1 left on base; Colorado Springs 5 - Albuquerque 2
BOTTOM OF THE 7TH
Albuquerque Isotopes batting - Pitching for Colorado Springs Sky Sox : LHP Steve Ransom
Pitching: RHP Davon Ware
Batting: SHB Mitchell Greene 0-0: Foul Ball, location: 2F
0-1: Ball
1-1: Ball
2-1: Foul Ball, location: 2F
2-2: Strikes out swinging
Batting: RHB Logan Morgan 0-0: Called Strike
0-1: Ball
1-1: Ball
2-1: Fly out, F9 (Flyball, 9, EV 95.6 MPH)
Batting: LHB Chad Persaud 0-0: Called Strike
0-1: SINGLE (Line Drive, 3D, EV 98.1 MPH)
Batting: RHB Herb McIntyre 0-0: Ball
1-0: Called Strike
1-1: Ball
2-1: Ball
Chad Persaud is caught stealing 2nd base 2-4
Bottom of the 7th over - 0 runs, 1 hit, 0 errors, 0 left on base; Colorado Springs 5 - Albuquerque 2
TOP OF THE 8TH
Colorado Springs Sky Sox batting - Pitching for Albuquerque Isotopes : LHP Jim McCutcheon
Batting: RHB Doug D'Onofrio 0-0: Ball
1-0: DOUBLE (Line Drive, 89M, EV 103.8 MPH)
Batting: SHB Jamie Mims 0-0: Ball
Doug D'Onofrio steals 3rd base
1-0: SINGLE (Groundball, 25, EV 65.6 MPH) (infield hit)
Batting: RHB Juan Figueroa 0-0: Ball
1-0: Foul Ball, location: 2F
1-1: Swinging Strike
1-2: SINGLE (Line Drive, 6D, EV 96.9 MPH)
Doug D'Onofrio scores
Jamie Mims to second
Batting: LHB Steve Gilliam 0-0: Ball
1-0: Called Strike
1-1: Ball
2-1: Bunted foul
2-2: Fielders Choice at 2nd, 4-6 (Groundball, 4, EV 102.5 MPH)
Jamie Mims to third
Batting: LHB Greg Valenzuela 0-0: Ball
1-0: Ball
2-0: Called Strike
2-1: Fielders Choice at 2nd, 4-6 (Groundball, 34, EV 85.6 MPH)
Jamie Mims scores
Batting: RHB Maurice Moore 0-0: Called Strike
0-1: Foul Ball, location: 2F
0-2: Ball
1-2: Ball
2-2: Ball
3-2: Fly out, F3 (Popup, 3L, EV 65.6 MPH)
Top of the 8th over - 2 runs, 3 hits, 0 errors, 1 left on base; Colorado Springs 7 - Albuquerque 2
BOTTOM OF THE 8TH
Albuquerque Isotopes batting - Pitching for Colorado Springs Sky Sox : RHP Davon Ware
Batting: RHB Herb McIntyre 0-0: Ball
1-0: Called Strike
1-1: Foul Ball, location: 2F
1-2: Foul Ball, location: 2F
1-2: Fly out, F6 (Line Drive, 6, EV 63.8 MPH)
Batting: RHB Eddie McCoy 0-0: Ball
1-0: Swinging Strike
1-1: SOLO HOME RUN (Flyball, 7LD, EV 97.5 MPH), Distance : 357 ft
Batting: LHB Gabe Harvey 0-0: Swinging Strike
0-1: Ball
1-1: Foul Ball, location: 2F
1-2: Foul Ball, location: 2F
1-2: DOUBLE (Line Drive, 7LM, EV 105.0 MPH)
Batting: RHB Vinny Estrada 0-0: Swinging Strike
0-1: Ball
1-1: Foul Ball, location: 2F
1-2: Strikes out swinging
Batting: RHB Bobby Heagle 0-0: Ball
1-0: Ball
2-0: Foul Ball, location: 2F
2-1: Swinging Strike
2-2: Ball
3-2: SINGLE (Groundball, 56S, EV 68.1 MPH) (infield hit)
Gabe Harvey to third
Batting: LHB Adam Hill 0-0: Ball
1-0: Swinging Strike
1-1: Fielders Choice at 2nd, U6 (Groundball, 6M, EV 78.1 MPH)
Bottom of the 8th over - 1 run, 3 hits, 0 errors, 2 left on base; Colorado Springs 7 - Albuquerque 3
TOP OF THE 9TH
Colorado Springs Sky Sox batting - Pitching for Albuquerque Isotopes : LHP Jim McCutcheon
Pitching: RHP Justin Judson
Batting: LHB Michael Krott 0-0: Ball
1-0: Swinging Strike
1-1: Swinging Strike
1-2: Ball
2-2: Ball
3-2: Strikes out swinging
Batting: RHB Mike McElroy 0-0: Swinging Strike
0-1: Called Strike
0-2: Ball
1-2: Strikes out swinging
Batting: RHB Eduardo Camacho 0-0: Ground out 4-3 (Groundball, 4, EV 85.6 MPH)
Top of the 9th over - 0 runs, 0 hits, 0 errors, 0 left on base; Colorado Springs 7 - Albuquerque 3
BOTTOM OF THE 9TH
Albuquerque Isotopes batting - Pitching for Colorado Springs Sky Sox : RHP Davon Ware
Pitching: RHP Andrew Ferrell
Batting: SHB Mitchell Greene 0-0: Ball
1-0: DOUBLE (Flyball, 89XD, EV 104.4 MPH)
Batting: RHB Logan Morgan 0-0: Ball
1-0: Ball
2-0: Called Strike
2-1: Foul Ball, location: 2F
2-2: Foul Ball, location: 2F
2-2: Ball
3-2: Base on Balls
Batting: LHB Chad Persaud 0-0: Ball
1-0: Foul Ball, location: 2F
1-1: Called Strike
1-2: Reached on error, E1 (Groundball, 15S, EV 69.4 MPH)
Mitchell Greene to third
Logan Morgan to second
Batting: RHB Herb McIntyre 0-0: Ball
1-0: Called Strike
1-1: Foul Ball, location: 2F
1-2: Foul Ball, location: 2F
1-2: Ball
2-2: Foul Ball, location: 2F
2-2: Ball
3-2: Base on Balls
Mitchell Greene scores
Logan Morgan to third
Chad Persaud to second
Batting: RHB Eddie McCoy 0-0: Swinging Strike
0-1: Called Strike
0-2: Ball
1-2: Strikes out swinging
Batting: LHB Gabe Harvey 0-0: Called Strike
0-1: Ball
1-1: Called Strike
1-2: Strikes out swinging
Batting: RHB Vinny Estrada 0-0: Called Strike
0-1: Foul Ball, location: 2F
0-2: Fly out, F5 (Popup, 56S, EV 78.1 MPH)
Bottom of the 9th over - 1 run, 1 hit, 1 error, 3 left on base; Colorado Springs 7 - Albuquerque 4
Tuesday, March 28th , 2023 - OOTP Baseball 23.10 Build 110